 Dungeon Crawl Stone Soup version 0.27.0-1-g7a089689b8 (webtiles) character file.

Game seed: 1324165413186374159

20461 MisterFreud the Fighter (level 12, -6/82 HPs)
             Began as a Gargoyle Fighter on Aug 3, 2021.
             Was a High Priest of Okawaru.
             Killed from afar by an ogre mage (23 damage)
             ... with a bolt of magma
             ... on level 11 of the Dungeon.
             The game lasted 00:26:37 (14070 turns).

MisterFreud the Fighter (Gargoyle Fighter)         Turns: 14070, Time: 00:26:39

Health: -6/82      AC: 31    Str: 25    XL:     12   Next: 79%
Magic:  0/18       EV:  8    Int:  4    God:    Okawaru [*****.]
Gold:   1311       SH:  0    Dex:  9    Spells: 11/11 levels left

rFire    . . .     SeeInvis .   p - +2 dire flail (drain)
rCold    + + .     Faith    .   (shield currently unavailable)
rNeg     + . .     Spirit   +   S - +8 chain mail "Tiesk" {rElec rC++ Int-5}
rPois    ∞         Reflect  .   (no helmet)
rElec    +         Harm     .   v - +0 cloak
rCorr    +         Rampage  .   (no gloves)
Will     .....                  j - +0 pair of boots
Stlth    ..........             H - amulet of guardian spirit
HPRegen  0.23/turn              n - ring of resist corrosion
MPRegen  0.16/turn              (no ring)

@: studying Staves
A: sickness immunity, AC +8, negative energy resistance 1, electricity
resistance, torment resistance 1, petrification resistance
a: Renounce Religion, Heroism, Finesse


You were on level 11 of the Dungeon.
You worshipped Okawaru.
Okawaru was extremely pleased with you.
You visited 1 branch of the dungeon, and saw 13 of its levels.
You also visited: Bailey.

You collected 1586 gold pieces.
You spent 275 gold pieces at shops.

Inventory:

Hand Weapons
 a - a +0 flail
 p - a +2 dire flail of draining (weapon)
 R - the +8 longbow "Zephyr" {speed, Dex+3 SInv}
   (You found it in a bailey)

   Attacks with this weapon are significantly faster.
   Dex:       It affects your dexterity (+3).
   SInv:      It lets you see invisible.
Missiles
 h - 62 poisoned darts (quivered)
 s - 7 silver javelins
 D - a throwing net
 E - 15 javelins
 M - a curare-tipped dart
 W - 6 silver boomerangs
Armour
 b - a +0 scale mail
 c - a +0 kite shield
 j - a +0 pair of boots (worn)
 v - a +0 cloak (worn)
 S - the +8 chain mail "Tiesk" (worn) {rElec rC++ Int-5}
   (You bought it in a shop on level 2 of the Dungeon)

   Int:       It affects your intelligence (-5).
   rC:        It greatly protects you from cold.
   rElec:     It insulates you from electricity.
Jewellery
 n - a ring of resist corrosion (left hand)
 t - an amulet of the acrobat
 H - an amulet of guardian spirit (around neck)
 Q - an amulet of reflection
Wands
 o - a wand of iceblast (17)
 x - a wand of digging (5)
 G - a wand of paralysis (7)
 L - a wand of flame (35)
 P - a wand of acid (11)
Scrolls
 g - a scroll of enchant weapon {unknown}
 i - 2 scrolls of fog {unknown}
 k - 3 scrolls of immolation {unknown}
 l - 2 scrolls of noise {unknown}
 m - 2 scrolls of magic mapping
 q - a scroll of amnesia {unknown}
 u - 2 scrolls of vulnerability {unknown}
 w - 3 scrolls of teleportation {unknown}
 y - a scroll of torment {unknown}
 A - a scroll of blinking {unknown}
 B - a scroll of brand weapon {unknown}
 C - 2 scrolls of enchant armour
 K - 2 scrolls of acquirement {unknown}
 N - a scroll of summoning
 U - a scroll of silence
Potions
 d - a potion of might
 e - a potion of cancellation
 f - 5 potions of attraction {unknown}
 r - 3 potions of magic
 z - 2 potions of berserk rage
 F - 2 potions of flight
 I - a potion of lignification
 J - 2 potions of curing
 O - a potion of resistance
 T - 2 potions of haste {unknown}
 V - a potion of ambrosia {unknown}


   Skills:
 + Level 12.8 Fighting
 - Level 9.0 Maces & Flails
 - Level 10.0 Armour
 - Level 10.0 Shields
 - Level 8.0 Invocations
 - Level 5.0 Evocations


You had 11 spell levels left.
You didn't know any spells.
Your spell library contained the following spells:

 Spells                   Type           Power      Damage    Failure   Level
 Magic Dart               Conj           0%         1d3       96%         1
 Searing Ray              Conj           0%         3d3       99%         2
 Wereblood                Tmut           0%         N/A       99%         2
 Dazzling Flash           Conj/Hex       0%         N/A       100%        3
 Gell's Gravitas          Tloc           0%         N/A       100%        3
 Ozocubu's Armour         Ice            0%         N/A       100%        3
 Teleport Other           Tloc           0%         N/A       100%        3
 Animate Dead             Necr           0%         N/A       100%        4
 Fulminant Prism          Conj/Hex       0%         3d6       100%        4
 Hailstorm                Conj/Ice       0%         3d3       100%        4
 Ice Form                 Ice/Tmut       0%         N/A       100%        4
 Iskenderun's Mystic Bla  Conj/Tloc      0%         2d3       100%        4
 Dispersal                Tloc           0%         N/A       100%        6
 Simulacrum               Ice/Necr       0%         N/A       100%        6
 Starburst                Conj/Fire      0%         8x6d3     100%        6
 Haunt                    Necr/Summ      0%         N/A       100%        7
 Ozocubu's Refrigeration  Ice            0%         4d5       100%        7
 Summon Hydra             Summ           0%         N/A       100%        7
 Infestation              Necr           0%         N/A       100%        8
 Sublimation of Blood     Necr           Unusable   N/A       N/A         2

Dungeon Overview and Level Annotations

Branches:
Dungeon (13/15)            Temple (0/1) D:6            Lair (0/6) D:9
    Orc (0/2) D:9          Bailey (visited)
 Vaults: D:13-14

Altars:
Ashenzari
Cheibriados
Elyvilon
Hepliaklqana
Makhleb
Nemelex Xobeh
Okawaru
Trog
Uskayaw
Wu Jian
Yredelemnul
Zin

Shops:
D:2 [   D:3 (   D:8 =   D:9 =

Portals:
Trove: D:12 (give +6 demon blade)


Innate Abilities, Weirdness & Mutations

You are immune to sickness and miasma.
Your stone body is resilient. (AC +8)
You are immune to poison.
You resist negative energy. (rN+)
You are resistant to electric shocks. (rElec)
You are resistant to unholy torment.
You are immune to petrification.


Message History

You miss something. Something hits you.
You closely miss something. Something hits you but does no damage.
You hit something but do no damage. Something hits you but does no damage.
You closely miss something.
You hear some strange, mumbled words.
Something tries to affect you, but you resist.
You hit something.
A shadow comes into view.
You barely miss something. Something hits you but does no damage.
You sock something! Something hits you but does no damage.
You closely miss something. Something hits you but does no damage.
An orc knight comes into view.
It is wielding a +3 short sword of freezing.
You closely miss something.
You hear some strange, mumbled words.
You suddenly lose the ability to move!
Something hits you but does no damage.
The orc warrior shouts!
You hear a shout! x2
The orc knight roars a battlecry!
The orc warrior goes into a battle-frenzy!
You hear some strange, mumbled words.
Something tries to affect you, but you resist.
Something hits you but does no damage. x3
You can move again.
Unknown command.
A basilisk comes into view.
The basilisk gazes at you.
You are unaffected.
The basilisk gazes at you.
You are unaffected.
You hear some strange, mumbled words.
A bolt of magma appears from out of thin air!
The bolt of magma hits you!!
* * * LOW HITPOINT WARNING * * *
An acid dragon comes into view.
The basilisk gazes at you.
You are unaffected.
You hear some strange, mumbled words.
A bolt of magma appears from out of thin air!
The bolt of magma hits you!!
You die...

.. .# . # ... #.#
..D#.# #.# .⌠..#.#
#.#.#l# . #.. #.#
..# #.#...# #.
#.##.##.#...#....#
#.###.#.#.###.#....#
.................8#
#D#.#.#.#.###@.#
.##.#D..#[##..###
#..#...o.#W{###
#......o###..#
###.8.### #..# #..#
#.#...# #..# #..#
#..# #.....# #..#
#..# #..# ###...#
#.[# #<.# #..# #...#
#..# #..# #..#


You could see a basilisk, an orc warrior (strong), an acid dragon (wandering)
and a shadow.

Vanquished Creatures
  A hydra (D:11)
  A vault guard (D:12)
  2 centaur warriors
  2 two-headed ogres
  A deep troll earth mage (D:11)
  A flayed ghost (D:11)
  An ugly thing (D:13)
  An orc sorcerer (D:11)
  A manticore (D:12)
  A gargoyle (D:10)
  A komodo dragon (D:11)
  A freezing wraith (D:9)
  2 trolls
  A hornet (D:10)
  3 slime creatures (D:12)
  A shadow (D:9)
  A vampire (D:12)
  17 yaks
  4 wyverns (D:9)
  Eustachio (D:5)
  A steam dragon (D:6)
  A basilisk (D:9)
  Edmund (D:6)
  Menkaure (D:6)
  8 vampire mosquitoes
  2 acid dragons (D:11)
  A water moccasin (D:9)
  2 two-headed ogre zombies (D:9)
  8 orc warriors
  A sky beast (D:7)
  A necrophage (D:7)
  3 black bears
  An ogre (D:7)
  6 centaurs
  A phantom (D:9)
  4 kobold brigands
  3 bullfrogs
  2 gnoll sergeants (D:9)
  6 scorpions
  A water moccasin skeleton (D:6)
  16 killer bees
  A troll zombie (D:9)
  4 howler monkeys (D:10)
  A bullfrog zombie (D:5)
  7 centaur zombies
  3 centaur skeletons
  A hound (D:7)
  4 orc priests
  3 gnoll shamans
  A bullfrog skeleton (D:6)
  4 iguanas
  14 orc wizards
  Natasha (thrice) (D:6)
  A scorpion zombie (D:5)
  5 ogre zombies (D:9)
  A hound skeleton (D:5)
  A howler monkey zombie (D:6)
  19 gnolls
  A howler monkey skeleton (D:4)
  6 adders
  A shadow imp (D:5)
  A white imp (D:6)
  A worm (D:3)
  2 dart slugs
  26 orcs
  7 ball pythons
  7 endoplasms
  5 giant cockroaches
  8 goblins
  10 hobgoblins
  2 jackals (D:1)
  22 kobolds
  4 quokkas
  9 bats
  3 frilled lizards (D:1)
  3 goblin zombies (D:9)
  3 hobgoblin skeletons (D:9)
  4 hobgoblin zombies (D:9)
  2 orc skeletons (D:9)
  12 orc zombies (D:9)
  9 rats
335 creatures vanquished.

Vanquished Creatures (others)
  An orc wizard (D:11)
  2 gnolls (D:7)
  An orc (D:11)
  4 bushes (D:9)
  4 fungi (D:9)
  21 plants (D:9)
33 creatures vanquished.

Grand Total: 368 creatures vanquished

Notes
Turn   | Place    | Note
-------+----------+-------------------------------------------
     0 | D:1      | MisterFreud the Gargoyle Fighter began the quest for the
                  | Orb.
     0 | D:1      | Reached XP level 1. HP: 14/14 MP: 1/1
   145 | D:1      | Reached XP level 2. HP: 17/19 MP: 2/2
   687 | D:1      | Reached XP level 3. HP: 23/23 MP: 3/3
  1629 | D:2      | Found Ticoixue's Antique Armour Shoppe.
  1643 | D:2      | Found a faded altar of an unknown god.
  1812 | D:2      | Reached XP level 4. HP: 26/28 MP: 4/4
  2075 | D:3      | Noticed Natasha
  2488 | D:3      | Found Fisoaps's Antique Weapon Boutique.
  2527 | D:3      | Found a glowing silver altar of Zin.
  3051 | D:4      | Reached skill level 5 in Maces & Flails
  3051 | D:4      | Reached XP level 5. HP: 32/32 MP: 5/5
  3173 | D:4      | Found a snail-covered altar of Cheibriados.
  3607 | D:5      | Entered Level 5 of the Dungeon
  3607 | D:5      | Noticed Eustachio
  3735 | D:5      | Killed Eustachio
  3736 | D:5      | Reached XP level 6. HP: 34/37 MP: 6/6
  3772 | D:5      | Found an iron altar of Okawaru.
  3784 | D:5      | Became a worshipper of Warmaster Okawaru
  4029 | D:5      | Reached skill level 1 in Invocations
  4291 | D:5      | Reached XP level 7. HP: 33/41 MP: 8/8
  5649 | D:5      | Reached * piety under Okawaru
  5789 | D:5      | Reached XP level 8. HP: 30/46 MP: 8/11
  6259 | D:6      | Reached skill level 4 in Fighting
  6560 | D:6      | Killed Natasha
  6577 | D:6      | Noticed Natasha
  6584 | D:6      | Killed Natasha
  6599 | D:6      | Noticed Menkaure
  6601 | D:6      | Found a staircase to the Ecumenical Temple.
  6611 | D:6      | Killed Menkaure
  6611 | D:6      | Reached ** piety under Okawaru
  6830 | D:6      | Noticed Edmund
  6874 | D:6      | Killed Edmund
  6875 | D:6      | Reached skill level 5 in Fighting
  6875 | D:6      | Reached skill level 5 in Armour
  6875 | D:6      | Reached skill level 5 in Shields
  6875 | D:6      | Reached XP level 9. HP: 47/54 MP: 10/12
  6968 | D:6      | Found a burning altar of Makhleb.
  6971 | D:6      | Found a hazy altar of Hepliaklqana.
  7013 | D:6      | Found a white marble altar of Elyvilon.
  7013 | D:6      | Found a bloodstained altar of Trog.
  7088 | D:6      | Noticed Natasha
  7097 | D:6      | Killed Natasha
  7473 | D:7      | Reached *** piety under Okawaru
  7684 | D:7      | Reached skill level 6 in Fighting
  7900 | D:7      | Found a broken altar of Ashenzari.
  7901 | D:7      | Found a hide-covered altar of Uskayaw.
  8213 | D:8      | Reached **** piety under Okawaru
  8214 | D:8      | Reached skill level 7 in Fighting
  8225 | D:8      | Reached XP level 10. HP: 43/63 MP: 8/13
  8573 | D:8      | Found Litu's Jewellery Emporium.
  8878 | D:2      | Bought a smelly chain mail for 275 gold pieces
  8878 | D:2      | Identified the +8 chain mail "Tiesk" {rElec rC++ Int-5}
                  | (You bought it in a shop on level 2 of the Dungeon)
  9027 | D:9      | Noticed a two-headed ogre
  9142 | D:9      | Found a basalt altar of Yredelemnul.
  9187 | D:9      | Reached skill level 8 in Fighting
  9369 | D:9      | Received a gift from Okawaru
  9369 | D:9      | Reached ***** piety under Okawaru
  9480 | D:9      | Reached skill level 9 in Fighting
  9773 | D:9      | Received a gift from Okawaru
  9810 | D:9      | Reached XP level 11. HP: 66/72 MP: 14/14
  9815 | D:9      | Reached skill level 10 in Fighting
  9815 | D:9      | Reached skill level 10 in Armour
  9825 | D:9      | Reached skill level 5 in Invocations
  9828 | D:9      | Received a gift from Okawaru
  9981 | D:9      | Found a staircase to the Lair.
 10023 | D:9      | Killed a two-headed ogre
 10099 | D:9      | Found a staircase to the Orcish Mines.
 10123 | D:9      | Noticed a centaur warrior
 10133 | D:9      | Killed a centaur warrior
 10276 | D:9      | Found a sparkling altar of Nemelex Xobeh.
 10484 | D:9      | Found Diem's Jewellery Shoppe.
 10557 | D:9      | Reached skill level 1 in Evocations
 10995 | D:10     | Entered Level 10 of the Dungeon
 11114 | D:10     | Received a gift from Okawaru
 11436 | D:10     | Found an ornate altar of the Wu Jian Council.
 11445 | D:10     | Identified the +1 robe "Hero's Friend" {rPois Regen+ Str-2}
 11657 | D:10     | You fall into a shaft and drop 3 floors!
 11721 | D:13     | Noticed a white ugly thing
 11743 | D:13     | Killed a white ugly thing
 11744 | D:13     | Reached XP level 12. HP: 79/79 MP: 11/18
 11812 | D:12     | Reached skill level 11 in Fighting
 11842 | D:12     | Found a flagged portal.
 11852 | Bailey   | Entered a bailey
 11924 | Bailey   | Identified the +2 scale mail "Vehog" {rElec Int+2}
 11925 | Bailey   | Found the +8 longbow "Zephyr" {speed, Dex+3 SInv}
 12091 | Bailey   | Found a bloodstained altar of Trog.
 12208 | D:12     | Noticed a two-headed ogre
 12208 | D:12     | Noticed a centaur warrior
 12220 | D:12     | Killed a two-headed ogre
 12224 | D:12     | Killed a centaur warrior
 12443 | D:11     | Paralysed by an orc sorcerer for 3 turns
 12445 | D:11     | Noticed a frost giant
 12450 | D:11     | Noticed a seven-headed hydra
 12920 | D:12     | Noticed a vault guard
 12931 | D:12     | Killed a vault guard
 12936 | D:12     | Found a portal to a secret trove of treasure.
 13009 | D:12     | Reached skill level 5 in Evocations
 13584 | D:11     | Reached skill level 10 in Shields
 13591 | D:11     | Reached skill level 12 in Fighting
 13682 | D:11     | Noticed a deep troll earth mage
 13705 | D:11     | Killed a deep troll earth mage
 13995 | D:11     | Killed a seven-headed hydra
 14033 | D:11     | Noticed an ogre mage
 14060 | D:11     | Paralysed by something for 5 turns
 14070 | D:11     | Killed from afar by an ogre mage

Illustrated notes

Levels and vault maps discovered:
D:1:      ncdulo_smallfort, layout_basic, chequers_decorated_corner,
          minmay_misc_feat_diagonals
D:2:      layout_basic, dreamdust_ecumenical_altar_statues, serial_shops,
          nicolae_shop_behind_doors, minmay_strange_pillars
D:3:      cheibrodos_helix_gallery, layout_basic, lemuel_round_altar,
          serial_shops, shop, uniq_natasha
D:4:      layout_loops_ring, amcnicky_altar_gilded, kennysheep_generic_room_12
D:5:      layout_gridville, okawaru_metal_pillars_1_2, minivault_19,
          uniq_eustachio
D:6:      layout_basic, grunt_temple_overflow_open,
          minmay_temple_entry_large_hall, hangedman_abyss_or_decor_stagger,
          uniq_edmund, uniq_menkaure
D:7:      layout_rooms, mainiacjoe_overflow_divided_tiny
D:8:      layout_rooms, serial_shops, nicolae_lakefront_shop
D:9:      layout_irregular_city, mainiacjoe_overflow_paths,
          mainiacjoe_overflow_24_doors, minmay_lair_entry_grove,
          zombieorc2_lemuel, serial_shops, kennysheep_mini,
          minmay_mirror_moons_of_madness
D:10:     layout_loops_ring, marbit_many_paths, feat_on_display
D:11:     minmay_complete_graph, layout_long_grid, nicolae_wwwww,
          nicolae_dithmenos_through_a_glass_darkly
D:12:     layout_basic, enter_bailey_2, enter_trove_5
D:13:     layout_rooms, lightli_vaults_fourway_checkpoint, uniq_rupert

Skill      XL: |  1  2  3  4  5  6  7  8  9 10 11 12 |
---------------+-------------------------------------+-----
Maces & Flails | 3 4 5 6 7 8 9 |  9.0
Invocations    | 1 4 8 |  8.0
Fighting       | 5 7 9 10 12 | 12.8
Armour         | 5 7 9 10 | 10.0
Shields        | 5 7 8 10 | 10.0
Evocations     | 3 5 |  5.0

Action                   |  1- 3 |  4- 6 |  7- 9 | 10-12 || total
-------------------------+-------+-------+-------+-------++-------
Melee: Flail             |   158 |   192 |   282 |       ||   632
       Dire flail        |       |       |    92 |   758 ||   850
Throw: Dart              |       |       |       |     5 ||     5
Invok: Heroism           |       |       |     5 |    14 ||    19
       Finesse           |       |       |       |     1 ||     1
Evoke: Wand              |       |       |       |     1 ||     1
  Use: Scroll            |       |       |    10 |     4 ||    14
       Potion            |       |       |       |     1 ||     1
Armor: Scale mail        |   116 |   113 |   217 |    13 ||   459
       Chain mail        |       |       |       |   604 ||   604
Dodge: Dodged            |    49 |    61 |   137 |   338 ||   585
Block: Kite shield       |    87 |   105 |   159 |       ||   351
